 Dungeon Crawl Stone Soup version 0.28-a0-1638-g9123634e07 (webtiles) character file.

Game seed: 13330942546996244644

25 hatsuma the Vexing (level 2, 0/16 HPs)
             Began as a Deep Elf Arcane Marksman on Jan 25, 2022.
             Slain by a jackal (1 damage)
             ... on level 3 of the Dungeon.
             The game lasted 00:08:59 (1150 turns).

hatsuma the Vexing (Deep Elf Arcane Marksman)       Turns: 1150, Time: 00:08:59

Health: 0/16       AC:  4    Str:  7    XL:     2   Next: 86%
Magic:  7/7        EV: 12    Int: 17    God:
Gold:   72         SH:  0    Dex: 15    Spells: 5/6 levels left

rFire   . . .      SeeInvis .   b - +0 dagger
rCold   . . .      Faith    .   (no shield)
rNeg    . . .      Spirit   .   d - +0 robe
rPois   .          Reflect  .   e - +1 helmet
rElec   .          Harm     .   (no cloak)
rCorr   .          Rampage  .   (no gloves)
Will    .....                   (no boots)
Stlth   ++........              (no amulet)
HPRegen 0.05/turn               (no ring)
MPRegen 0.10/turn               (no ring)

@: no status effects
A: no striking features
a: no special abilities


You were on level 3 of the Dungeon.
You visited 1 branch of the dungeon, and saw 3 of its levels.

You collected 72 gold pieces.

Inventory:

Hand Weapons
 a - a +0 shortbow
 b - a +0 dagger (weapon)
Missiles
 c - 15 arrows
Armour
 d - a +0 robe (worn)
 e - a +1 helmet (worn)
Scrolls
 g - a scroll of holy word


   Skills:
 - Level 1.0 Fighting
 + Level 0.5 Short Blades
 - Level 2.6 Bows
 - Level 1.0 Armour
 - Level 2.4 Dodging
 - Level 1.1 Stealth
 - Level 2.6 Spellcasting
 - Level 4.0 Hexes


You had 5 spell levels left.
You knew the following spells:

 Your Spells              Type           Power      Damage    Failure   Level
a - Slow                  Hex            60%        N/A       3%          1

Your spell library contained the following spells:

 Spells                   Type           Power      Damage    Failure   Level
 Inner Flame              Hex/Fire       9%         N/A       24%         3
 Portal Projectile        Hex/Tloc       18%        N/A       24%         3
 Cause Fear               Hex            7%         N/A       34%         4


Dungeon Overview and Level Annotations

Branches:
Dungeon (2/15)

Altars:


Message History

* * * LOW HITPOINT WARNING * * *
You hit the jackal.
The jackal is heavily wounded.
The jackal closely misses you.
The jackal bites you but does no damage.
You hit the jackal but do no damage.
The jackal is heavily wounded.
The jackal barely misses you. x3
You hit the jackal but do no damage.
The jackal is heavily wounded.
The jackal misses you. The jackal closely misses you.
You hit the jackal but do no damage. You punch the jackal, but do no damage.
The jackal is heavily wounded.
The jackal barely misses you. x2; The jackal bites you.
* * * LOW HITPOINT WARNING * * *
You closely miss the jackal.
The jackal is heavily wounded.
The jackal completely misses you. The jackal misses you.
The jackal barely misses you.
You hit the jackal but do no damage.
The jackal is moderately wounded.
The jackal bites you but does no damage. x2
The jackal closely misses you.
You hit the jackal.
The jackal is heavily wounded.
The jackal misses you.
The jackal bites you but does no damage.
You closely miss the jackal.
The jackal is heavily wounded.
The jackal bites you but does no damage.
The jackal closely misses you. The jackal barely misses you.
You miss the jackal. Your punch misses the jackal.
The jackal is heavily wounded.
The jackal barely misses you. x2
You hit the jackal but do no damage.
The jackal is heavily wounded.
The jackal closely misses you.
The jackal bites you but does no damage.
The jackal bites you.
You die...

#$ #.#### #....#
#....# #....#
#...g# #....#
#.#...g########.
.......hh@hh.....
.###.###########.
#. .. ##.


You could see 4 jackals and a hobgoblin.

Vanquished Creatures
  4 bats (D:1)
  4 endoplasms (D:1)
  A giant cockroach (D:2)
  3 hobgoblins (D:1)
  A jackal (D:3)
  2 kobolds (D:1)
  A quokka (D:1)
  2 ball pythons (D:1)
  2 frilled lizards
  A rat (D:1)
21 creatures vanquished.

Notes
Turn   | Place    | Note
-------+----------+-------------------------------------------
     0 | D:1      | hatsuma the Deep Elf Arcane Marksman began the quest for
                  | the Orb.
     0 | D:1      | Reached XP level 1. HP: 11/11 MP: 5/5
    19 | D:1      | Reached skill level 1 in Fighting
    72 | D:1      | Reached skill level 1 in Stealth
   302 | D:1      | Reached XP level 2. HP: 16/16 MP: 4/6
   314 | D:1      | Reached skill level 1 in Armour
  1114 | D:2      | You fall into a shaft and drop 1 floor!
  1150 | D:3      | Slain by a jackal

Illustrated notes

Levels and vault maps discovered:
D:1:      sevenhm_arrival_forest_fort_large_4, layout_loops_ring
D:2:      layout_loops_ring, dreamdust_ecumenical_altar_angels_and_demons,
          chequers_serial_rivers_room_b
D:3:      layout_basic, mainiacjoe_overflow_catwalk_spiral, uniq_sigmund,
          uniq_grinder

Skill      XL: |  1  2 |
---------------+-------+-----
Fighting       | 1 |  1.0
Stealth        | 1 |  1.1
Armour         | 1 |  1.0
Spellcasting   | 2 |  2.6
Short Blades   | |  0.5
Bows           | |  2.6
Dodging        | |  2.4
Hexes          | |  4.0

Action                   || total
-------------------------++-------
Melee: Dagger            ||    70
       Punch             ||     2
 Fire: Shortbow          ||    41
 Cast: Slow              ||     6
  Use: Scroll            ||     2
 Stab: Sleeping          ||     1
Armor: Robe              ||    29
Dodge: Dodged            ||    66

Table legend: (Time is in decaauts)
 A = Elapsed time spent in this place.
 B = Non-inter-level travel time spent in this place.
 C = Inter-level travel time spent in this place.
 D = Time resting spent in this place.
 E = Time spent auto-exploring this place.
 F = Levels seen in this place.
 G = Mean time per level.
                   A        B        C        D        E       F      G
               +--------+--------+--------+--------+--------+-----+--------+
         Total |   1151 |   1137 |     14 |    197 |    593 |   3 |  383.7 |
       Dungeon |   1151 |   1137 |     14 |    197 |    593 |   3 |  383.7 |
               +--------+--------+--------+--------+--------+-----+--------+

Top non-repeatable levels by time:
     D:1: 1089 daAuts
     D:3: 34 daAuts
     D:2: 27 daAuts
